 Dungeon Crawl Stone Soup version 0.29.1-1-gd02db6906a (webtiles) character file.

Game seed: 8430803394936660009

1 fireball365 the Sneak (level 1, -6/19 HPs)
             Began as a Minotaur Delver on Oct 22, 2022.
             Killed from afar by a white imp (14 damage)
             ... with a puff of frost
             ... on level 5 of the Dungeon.
             The game lasted 00:01:11 (111 turns).

fireball365 the Sneak (Minotaur Delver)              Turns: 111, Time: 00:01:11

Health: -6/19      AC:  3    Str: 16    XL:     1   Next: 16%
Magic:  0/0        EV: 11    Int:  7    God:
Gold:   0          SH:  0    Dex: 11    Spells: 0/0 levels left

rFire   . . .      SeeInvis .   a - +0 hand axe
rCold   . . .      Faith    .   (no shield)
rNeg    . . .      Spirit   .   b - +0 leather armour
rPois   .          Reflect  .   (helmet restricted)
rElec   .          Harm     .   (no cloak)
rCorr   .          Rampage  .   (no gloves)
Will    .....                   (no boots)
Stlth   ++........              (no amulet)
HPRegen 0.06/turn               (no ring)
MPRegen 0.07/turn               (no ring)

@: no status effects
A: horns 2, retaliatory headbutt
a: no special abilities


You were on level 5 of the Dungeon.
You visited 2 branches of the dungeon, and saw 2 of its levels.

Inventory:

Hand Weapons
 a - a +0 hand axe (weapon)
Armour
 b - a +0 leather armour (worn)
Wands
 g - a wand of digging (3)
Scrolls
 c - a scroll of fog
 d - a scroll of magic mapping
Potions
 e - a potion of heal wounds {unknown}
 f - a potion of haste


   Skills:
 + Level 3.6 Fighting
 + Level 2.4 Axes
 + Level 2.2 Dodging
 + Level 4.1 Stealth


You couldn't memorise any spells.
You didn't know any spells.
Your spell library was empty.

Dungeon Overview and Level Annotations

Branches:
Dungeon (5/15)             Temple (1/1) D:5

Altars:
Dithmenos
Elyvilon
Fedhas
Trog
Uskayaw
Xom
Zin
The Shining One


Innate Abilities, Weirdness & Mutations

You have a pair of horns on your head.
You reflexively headbutt those who attack you in melee.


Message History

The jackal barely misses you.
A jackal comes into view.
The jackal bites you.
You closely miss the jackal. Your headbutt misses the jackal.
The jackal closely misses you. You furiously retaliate!
You headbutt the jackal. You barely miss the jackal.
The jackal is almost dead.
You closely miss the iguana.
The jackal bites you but does no damage. x2
The iguana barely misses you. The jackal attacks as you move away!
The jackal barely misses you.
You closely miss the iguana. The iguana misses you.
The jackal bites you but does no damage.
You barely miss the iguana.
You headbutt the iguana, but do no damage.
You closely miss the jackal. You barely miss the jackal.
The jackal closely misses you.
The jackal bites you but does no damage.
The iguana bites you!
The jackal bites you but does no damage.
Read: scroll of fear
Press: ? - help, Q - select action, (/) - cycle Dir - look around, f - activate Look: an iguana (chance to affect: 98%)
As you read the scroll of fear, it crumbles to dust.
You assume a fearsome visage.
The iguana looks frightened!
The jackal looks frightened! x3
You see here a bubbling orange potion.
e - a bubbling orange potion
There is a staircase to the Ecumenical Temple here.
There is a stone staircase leading down here.
A white imp comes into view.
The white imp shouts!
An orc comes into view. It is wielding a +0 falchion.
The white imp gestures at you. The puff of frost hits you.
The white imp gestures at you. The puff of frost hits you!
Ouch! That really hurt!
You die...

#### #... #..#
#..# ### #..##..#
#..o...##
#@....... ..
#..5...... #.....#
#......... #.....#
#..##..##..+......
#..###+##..##..#.$
#...#..##..#....#.
#...#........#..#.
#...#.........##..
#...+..##..#.....>


You could see a white imp and an orc (wandering).

Vanquished Creatures
  A jackal (D:5)
1 creature vanquished.

Notes
Turn   | Place    | Note
-------+----------+-------------------------------------------
     0 | D:5      | fireball365 the Minotaur Delver began the quest for the
                  | Orb.
     0 | D:5      | Reached XP level 1. HP: 19/19 MP: 0/0
     6 | D:5      | Found a staircase to the Ecumenical Temple.
    17 | Temple   | Entered the Ecumenical Temple
    47 | D:5      | Noticed an iguana
   111 | D:5      | Killed from afar by a white imp

Illustrated notes

Levels and vault maps discovered:
D:5:      layout_gridville, minmay_temple_entry_mini_moons,
          chequers_serial_rivers_small_a, uniq_eustachio
Temple:   hellmonk_temple_rainy

Action                   || total
-------------------------++-------
Melee: Hand axe          ||     6
       Headbutt          ||     1
  Use: Scroll            ||     1
Armor: Leather armour    ||     6
Dodge: Dodged            ||     7
